[Event "Titled Tuesday Blitz March 07 Late 2023"]
[White "Vargas Rodriguez, Wilver"]
[Black "Kraus, Tomas"]
[WhiteFideId "3509672"]
[BlackFideId "331708"]
[WhiteElo "2238"]
[BlackElo "2389"]
[Result "0-1"]
[Round "09"]
[TimeControl "180+2"]
[Date "2023.03.07"]
[WhiteClock "0:00:05"]
[BlackClock "0:00:58"]

1. e4 c5 2. Nf3 e6 3. d4 cxd4 4. Nxd4 Nc6 5. Nc3 Qc7 6. g3 a6 7. Bg2 Nf6 8. O-O Be7 9. Nxc6 dxc6 10. a4 e5 11. h3 Be6 12. Be3 Bc4 13. Re1 Rd8 14. Qc1 b6 15. Rd1 O-O 16. b3 Be6 17. Qb2 a5 18. Ne2 Nd7 19. c3 Bc5 20. Bxc5 Nxc5 21. c4 f6 22. Qc3 Qf7 23. Kh2 Qh5 24. g4 Bxg4 25. Ng3 Qh6 26. f3 Be6 27. Qc1 Qxc1 28. Raxc1 Nxb3 29. Rxd8 Rxd8 30. Rc3 Nc5 31. Nf5 Bxf5 32. exf5 Nxa4 33. Rb3 Rd2 34. Kg3 Rb2 35. Rd3 Nc5 36. Rd6 a4 37. Rxc6 a3 38. f4 e4 0-1


[Site "https://www.chess.com"]

[Event "Titled Tuesday Blitz March 07 Late 2023"]
[White "Antonova, Nadezhda"]
[Black "Garcia Almaguer, Juan Manuel"]
[WhiteFideId "14700182"]
[BlackFideId "5110491"]
[WhiteElo "1885"]
[BlackElo "2117"]
[Result "1/2-1/2"]
[Round "09"]
[TimeControl "180+2"]
[Date "2023.03.07"]
[WhiteClock "0:00:35"]
[BlackClock "0:00:51"]

1. Nf3 g6 2. d4 Bg7 3. Nbd2 d6 4. e4 Nc6 5. c3 e5 6. dxe5 Nxe5 7. Nxe5 dxe5 8. Bc4 Ne7 9. O-O O-O 10. a4 c6 11. Qe2 g5 12. Rd1 Qe8 13. Ba2 Ng6 14. Nc4 Be6 15. Nd6 Qe7 16. Bxe6 fxe6 17. Be3 Nf4 18. Qc4 Rad8 19. Nf5 Qf7 20. Nd6 Qe7 21. Nf5 Qf7 22. Nd6 Qe7 1/2-1/2


[Site "https://www.chess.com"]

[Event "Titled Tuesday Blitz March 07 Late 2023"]
[White "Jesusesmifuerza"]
[Black "Needleman, Gaston"]
[BlackFideId "113735"]
[WhiteElo "2069"]
[BlackElo "2328"]
[Result "1-0"]
[Round "09"]
[TimeControl "180+2"]
[Date "2023.03.07"]
[WhiteClock "0:00:18"]
[BlackClock "0:01:13"]

1. d4 c6 2. Nc3 d5 3. Bf4 Nf6 4. e3 g6 5. h3 Bg7 6. Nf3 O-O 7. Bd3 b5 8. a3 Nbd7 9. O-O Qb6 10. b4 a5 11. Ne5 Nxe5 12. Bxe5 Bf5 13. Bxf5 gxf5 14. Qd2 Ne4 15. Nxe4 fxe4 16. Bxg7 Kxg7 17. c3 a4 18. f3 f5 19. fxe4 dxe4 20. Qe2 e6 21. Qh5 Rf6 22. Qg5+ Kf7 23. Qh5+ Kg7 24. Qg5+ Kf7 25. Qh5+ Rg6 26. Qxh7+ Rg7 27. Qh5+ Ke7 28. Qh4+ Kd7 29. Rf2 Rag8 30. Raf1 Rg3 31. Qf4 Rxh3 32. Qe5 Qd8 33. Rxf5 exf5 34. Qxf5+ Kc7 35. Qxh3 Kb6 36. Qf5 Qh4 37. Qc5+ Kb7 38. Rf7+ Kb8 39. Qb6+ Ka8 40. Qa7# 1-0


[Site "https://www.chess.com"]

[Event "Titled Tuesday Blitz March 07 Late 2023"]
[White "Howell, David W L"]
[Black "Stead, Kerry"]
[WhiteFideId "410608"]
[BlackFideId "3202577"]
[WhiteElo "2567"]
[BlackElo "1997"]
[Result "1-0"]
[Round "09"]
[TimeControl "180+2"]
[Date "2023.03.07"]
[WhiteClock "0:01:05"]
[BlackClock "0:00:48"]

1. e4 c6 2. c4 d5 3. exd5 cxd5 4. cxd5 Nf6 5. Nc3 Nxd5 6. Nf3 Nc6 7. Bb5 a6 8. Bxc6+ bxc6 9. O-O Bg4 10. Qa4 Bd7 11. Ne5 e6 12. d4 Bd6 13. Ne4 Bxe5 14. dxe5 O-O 15. Nc5 Qc8 16. Qg4 Rd8 17. Bh6 g6 18. Rac1 Ne7 19. Bg5 Re8 20. Bxe7 Rxe7 21. Rfd1 Be8 22. h4 h5 23. Qg5 Raa7 24. Qh6 Qb8 25. Re1 Qxb2 26. Rcd1 Qb6 27. Ne4 f5 28. Nf6+ Kf7 29. Qh7+ Kf8 30. Qg8# 1-0


[Site "https://www.chess.com"]

[Event "Titled Tuesday Blitz March 07 Late 2023"]
[White "Pasti, Aron"]
[Black "Souza, Gustavo Horokoski De"]
[WhiteFideId "785857"]
[BlackFideId "2146584"]
[WhiteElo "2173"]
[BlackElo "1859"]
[Result "0-1"]
[Round "09"]
[TimeControl "180+2"]
[Date "2023.03.07"]
[WhiteClock "0:00:17"]
[BlackClock "0:00:41"]

1. e4 e6 2. d4 d5 3. exd5 exd5 4. Bd3 Bd6 5. Nf3 Ne7 6. Bg5 f6 7. Bh4 Nbc6 8. c3 Bg4 9. Nbd2 Qd7 10. O-O O-O-O 11. b4 g5 12. Bg3 h5 13. Bxd6 Qxd6 14. a4 h4 15. h3 Bd7 16. Nh2 Rdg8 17. a5 g4 18. hxg4 f5 19. b5 Nb8 20. b6 a6 21. c4 fxg4 22. c5 Qf4 23. Qe2 g3 24. Nhf3 h3 25. Qe5 gxf2+ 26. Rxf2 Qxe5 27. Nxe5 hxg2 28. Nxd7 Rh1# 0-1


[Site "https://www.chess.com"]

[Event "Titled Tuesday Blitz March 07 Late 2023"]
[White "Senft, Sean"]
[Black "Curtis, John"]
[WhiteFideId "2044960"]
[BlackFideId "3200256"]
[WhiteElo "1989"]
[BlackElo "2203"]
[Result "0-1"]
[Round "09"]
[TimeControl "180+2"]
[Date "2023.03.07"]
[WhiteClock "0:02:55"]
[BlackClock "0:02:14"]

1. e4 e6 2. d4 d5 3. exd5 exd5 4. c4 Nf6 5. cxd5 Nxd5 6. Nc3 c6 7. Nf3 Be7 8. Bc4 Be6 9. O-O Nxc3 10. Qb3 Bxc4 11. Qxb7 Ne2+ 12. Kh1 Nd7 13. Qxc6 Rc8 14. Qe4 Nf6 15. Qe3 Nd5 16. Qe5 O-O 17. Qh5 Nef4 18. Qg4 Bxf1 19. Bxf4 Nxf4 20. Qxf4 Be2 0-1


[Site "https://www.chess.com"]

[Event "Titled Tuesday Blitz March 07 Late 2023"]
[White "Carrasco Miranda, Andres"]
[Black "Desideri, Ricardo Maruchi"]
[WhiteFideId "3405990"]
[BlackFideId "2110440"]
[WhiteElo "2183"]
[BlackElo "1945"]
[Result "1-0"]
[Round "09"]
[TimeControl "180+2"]
[Date "2023.03.07"]
[WhiteClock "0:01:14"]
[BlackClock "0:00:54"]

1. d4 Nf6 2. c4 c5 3. d5 e6 4. Nc3 exd5 5. cxd5 d6 6. e4 g6 7. h3 Bg7 8. Bd3 O-O 9. Bg5 Na6 10. Nf3 Nb4 11. Bb1 Re8 12. O-O b5 13. Nxb5 Ba6 14. a4 Qb6 15. Re1 Bxb5 16. axb5 Qxb5 17. e5 Nfxd5 18. exd6 Rxe1+ 19. Qxe1 Bxb2 20. Be4 Re8 21. Rxa7 f5 22. d7 1-0


[Site "https://www.chess.com"]

[Event "Titled Tuesday Blitz March 07 Late 2023"]
[White "Ferriz Barrios, Andres"]
[Black "Vargas, Mauricio"]
[WhiteFideId "5104467"]
[BlackFideId "4404572"]
[WhiteElo "2244"]
[BlackElo "2025"]
[Result "1-0"]
[Round "09"]
[TimeControl "180+2"]
[Date "2023.03.07"]
[WhiteClock "0:01:44"]
[BlackClock "0:00:02"]

1. d4 Nf6 2. c4 e6 3. Nc3 Bb4 4. Qc2 b6 5. a3 Bxc3+ 6. bxc3 d6 7. f3 c5 8. e4 Nc6 9. Be3 Na5 10. Ne2 Ba6 11. dxc5 dxc5 12. Rd1 Qc7 13. Bf4 e5 14. Bg5 Nd7 15. Ng3 f6 16. Be3 O-O 17. Qa4 Rad8 18. Be2 Qc6 19. Qxc6 Nxc6 20. Rd6 Ndb8 21. Rxd8 Rxd8 22. Kf2 Na5 23. Nf5 Kf8 24. g4 Nbc6 25. h4 Bxc4 26. g5 Bxe2 27. Kxe2 g6 28. Ng3 fxg5 29. hxg5 Rd7 30. Nf1 Nc4 31. Bc1 N6a5 32. Nh2 Nb3 33. Be3 Nxe3 34. Kxe3 Na5 35. Ng4 Nc4+ 36. Kf2 Rd2+ 37. Kg3 Kg7 38. Nf6 h5 39. gxh6+ Kxf6 40. h7 Rd8 41. h8=Q+ Rxh8 42. Rxh8 Nxa3 43. Rf8+ Ke7 44. Rb8 Nc4 45. Rb7+ Kd6 46. Rxa7 Ne3 47. Rb7 Kc6 48. Rg7 Nd1 49. c4 Ne3 50. Rxg6+ Kb7 51. Rg7+ Ka6 52. f4 Nxc4 53. f5 1-0


[Site "https://www.chess.com"]

[Event "Titled Tuesday Blitz March 07 Late 2023"]
[White "Gamage, Wanshini Vidusama"]
[Black "Skaric, Djuro"]
[WhiteFideId "9953752"]
[BlackFideId "934569"]
[WhiteElo "2182"]
[BlackElo "2282"]
[Result "1-0"]
[Round "09"]
[TimeControl "180+2"]
[Date "2023.03.07"]
[WhiteClock "0:00:14"]
[BlackClock "0:00:48"]

1. e4 d6 2. d4 g6 3. Nc3 Bg7 4. Be3 Nf6 5. Qd2 O-O 6. O-O-O Nc6 7. f3 a6 8. g4 e5 9. Nge2 b5 10. h4 b4 11. Nd5 Nxd5 12. exd5 Ne7 13. dxe5 dxe5 14. h5 f5 15. Bh6 f4 16. Bxg7 Kxg7 17. hxg6 hxg6 18. d6 Qxd6 19. Qxd6 cxd6 20. Rxd6 e4 21. Bg2 Bxg4 22. fxg4 f3 23. Bxf3 exf3 24. Nd4 Rf6 25. Ne6+ Kg8 26. g5 Rf5 27. Rd7 Re8 28. Nc7 f2 29. Rf1 Nd5 30. Nxe8 Ne3 31. Nf6+ Kf8 32. Rdd1 Ke7 33. Kd2 Nxd1 34. Kxd1 Rxg5 35. Ne4 Rd5+ 36. Ke2 Re5 37. Kf3 Ra5 38. Rxf2 Rxa2 39. b3 a5 40. Nc5 Ra1 41. Rg2 Kf6 42. Ne4+ Kf7 43. Nd6+ Kf6 44. Ne4+ Kf7 45. Ke3 a4 46. bxa4 Rxa4 47. Nc5 Ra2 48. Kd4 Kf6 49. Kc4 Rb2 50. Nb3 Kf5 51. Kxb4 g5 52. Kc3 Rb1 53. Nd4+ Kf4 54. Kd3 g4 55. c4 Rd1+ 56. Kc3 g3 57. c5 Re1 58. c6 Re5 59. Kc4 Re8 60. c7 Rc8 61. Kd5 Kg4 62. Ne6 Kh3 63. Nf4+ Kg4 64. Ne6 Kf3 65. Rc2 g2 66. Rc1 Kf2 67. Nf4 Rxc7 68. Rxc7 g1=Q 69. Nh3+ 1-0


[Site "https://www.chess.com"]

[Event "Titled Tuesday Blitz March 07 Late 2023"]
[White "Floresvillar Gonzalez, Luis Migu"]
[Black "Kho, Darrell"]
[WhiteFideId "5100542"]
[BlackFideId "1019317"]
[WhiteElo "2040"]
[BlackElo "2161"]
[Result "1-0"]
[Round "09"]
[TimeControl "180+2"]
[Date "2023.03.07"]
[WhiteClock "0:00:16"]
[BlackClock "0:00:02"]

1. e4 e6 2. Nf3 d5 3. exd5 exd5 4. d4 Bd6 5. Bd3 Ne7 6. O-O O-O 7. Re1 Bf5 8. Ne5 Bxd3 9. Qxd3 Nd7 10. Bf4 Nf6 11. Nd2 Ng6 12. Nxg6 hxg6 13. Bxd6 Qxd6 14. f3 Rfe8 15. c3 Nh5 16. Nf1 c6 17. g3 Qd7 18. Kg2 Rxe1 19. Rxe1 Re8 20. Rxe8+ Qxe8 21. Qe3 Qxe3 22. Nxe3 Nf6 23. a4 Kf8 24. a5 Ke7 25. Kf2 Kd6 26. Ke2 b6 27. axb6 axb6 28. Kd3 b5 29. b4 Nd7 30. Ng4 f6 31. Ne3 Nb6 32. Ng2 Nc8 33. h4 Ne7 34. Nf4 Kd7 35. g4 Ke8 36. Ke3 Kf7 37. h5 g5 38. Nd3 Ke6 39. Nc5+ Kd6 40. Nb7+ Kc7 41. Nc5 Kd6 42. f4 gxf4+ 43. Kxf4 1-0


[Site "https://www.chess.com"]

[Event "Titled Tuesday Blitz March 07 Late 2023"]
[White "Winkels, Marcel"]
[Black "Manu_ChessExcelsior"]
[WhiteFideId "1003887"]
[WhiteElo "1900"]
[BlackElo "1979"]
[Result "0-1"]
[Round "09"]
[TimeControl "180+2"]
[Date "2023.03.07"]
[WhiteClock "0:00:07"]
[BlackClock "0:00:06"]

1. d4 d5 2. Bf4 c5 3. e4 dxe4 4. d5 Nf6 5. Nc3 e6 6. d6 Nc6 7. Nb5 Nd5 8. Bg3 a6 9. Nc7+ Nxc7 10. dxc7 Qxd1+ 11. Rxd1 Be7 12. f3 Nd4 13. c3 Nf5 14. Bf4 e3 15. Bd3 O-O 16. Bxf5 exf5 17. Bxe3 Be6 18. Ne2 g5 19. b3 Rac8 20. h4 f6 21. hxg5 fxg5 22. Rh5 f4 23. Bf2 Rxc7 24. g3 Bf7 25. Rh6 Bg6 26. gxf4 gxf4 27. Kf1 b6 28. Kg2 Bf6 29. Bh4 Bg7 30. Bg5 Bxh6 31. Bxh6 Re8 32. Nxf4 Rf7 33. Rd6 Rb8 34. Nxg6 hxg6 35. Rxg6+ Kh7 36. Rc6 a5 37. f4 Rfb7 38. Bg5 Re8 39. Rh6+ Kg7 40. Rc6 Re2+ 41. Kf3 Rxa2 42. Ke4 Rb2 43. Kf5 Rxb3 44. Rg6+ Kf7 45. Rf6+ Ke8 46. Re6+ Kf8 47. Rf6+ Rf7 48. Ke6 Rxf6+ 49. Bxf6 a4 50. c4 a3 51. Kd6 a2 52. Be5 Rb1 53. Kc6 Kf7 54. f5 Rb4 55. Kd5 Rb1 56. Kc6 Re1 57. Bh8 a1=Q 58. Bxa1 Rxa1 59. Kxb6 Kf6 60. Kxc5 Kxf5 61. Kc6 Ke6 62. c5 Rb1 63. Kc7 Kd5 64. c6 Rc1 65. Kd7 Rxc6 66. Ke7 Rd6 67. Ke8 Ke6 68. Kf8 Rd7 69. Kg8 Kf6 70. Kh8 Kg6 0-1


[Site "https://www.chess.com"]

[Event "Titled Tuesday Blitz March 07 Late 2023"]
[White "Fedoseev, Vladimir"]
[Black "Firouzja, Alireza"]
[WhiteFideId "24130737"]
[BlackFideId "12573981"]
[WhiteElo "2752"]
[BlackElo "2904"]
[Result "0-1"]
[Round "10"]
[TimeControl "180+2"]
[Date "2023.03.07"]
[WhiteClock "0:00:02"]
[BlackClock "0:00:35"]

1. e4 e5 2. Nf3 Nc6 3. Bb5 Nf6 4. d3 Bc5 5. Bxc6 dxc6 6. Nbd2 Nd7 7. O-O O-O 8. b3 f6 9. Bb2 Re8 10. Kh1 Nf8 11. Ng1 Ng6 12. Nc4 Be6 13. Ne3 a5 14. a4 Qd7 15. Qd2 b6 16. Ne2 Rad8 17. f4 exf4 18. Nxf4 Bxb3 19. Nf5 Nxf4 20. Qxf4 Be6 21. Nh6+ Kh8 22. Qg3 Bd4 23. Bxd4 Qxd4 24. Ng4 Bxg4 25. Qxg4 c5 26. h3 c4 27. Rad1 cxd3 28. Rxd3 Qxa4 29. Rg3 Qd7 30. Qh4 Qe7 31. Rg4 a4 32. Rf5 a3 33. Rh5 g5 34. Qf2 Rd1+ 35. Kh2 a2 0-1


[Site "https://www.chess.com"]

[Event "Titled Tuesday Blitz March 07 Late 2023"]
[White "Vachier-Lagrave, Maxime"]
[Black "Nakamura, Hikaru"]
[WhiteFideId "623539"]
[BlackFideId "2016192"]
[WhiteElo "2740"]
[BlackElo "2879"]
[Result "1/2-1/2"]
[Round "10"]
[TimeControl "180+2"]
[Date "2023.03.07"]
[WhiteClock "0:00:07"]
[BlackClock "0:00:09"]

1. e4 e5 2. Nf3 Nc6 3. Bb5 a6 4. Ba4 d6 5. O-O Bd7 6. c3 g6 7. d4 Bg7 8. Re1 Nge7 9. Be3 b5 10. Bb3 exd4 11. cxd4 Na5 12. Qd2 Nxb3 13. axb3 Bg4 14. Bh6 Bxh6 15. Qxh6 Bxf3 16. gxf3 Ng8 17. Qg7 Qf6 18. Qxf6 Nxf6 19. Nc3 Kd7 20. b4 Rhe8 21. Ra3 Kc6 22. Rc1 Kb7 23. Nd1 Nd7 24. Rac3 Rac8 25. Ne3 c6 26. Kf1 Nb6 27. b3 Re7 28. R3c2 Ree8 29. Ke2 f5 30. Kd3 fxe4+ 31. fxe4 Rf8 32. Ke2 Rf4 33. f3 d5 34. exd5 cxd5 35. Rxc8 Nxc8 36. Rc7+ Kxc7 37. Nxd5+ Kd6 38. Nxf4 Ne7 39. Kd3 g5 40. Ne2 Nd5 41. Ke4 Nxb4 42. Kf5 Nd5 43. Kxg5 a5 44. Kh6 Ke6 45. Kxh7 Kf7 46. Kh6 Kf6 47. Kh5 Kf5 48. Kh4 b4 49. Kg3 a4 50. Nc1 a3 51. Na2 Kg5 52. f4+ Nxf4 53. Nxb4 Ne2+ 54. Kf2 Nxd4 55. Na2 Nxb3 56. Ke3 Kh4 57. Kd3 Kh3 58. Kc3 Nc1 59. Kb4 Nxa2+ 60. Kxa3 Nc3 61. Kb3 Ne2 62. Kb2 Ng1 63. Kb3 Kxh2 1/2-1/2


[Site "https://www.chess.com"]

[Event "Titled Tuesday Blitz March 07 Late 2023"]
[White "Caruana, Fabiano"]
[Black "Naroditsky, Daniel"]
[WhiteFideId "2020009"]
[BlackFideId "2026961"]
[WhiteElo "2818"]
[BlackElo "2633"]
[Result "1-0"]
[Round "10"]
[TimeControl "180+2"]
[Date "2023.03.07"]
[WhiteClock "0:00:17"]
[BlackClock "0:00:01"]

1. e4 c5 2. Nf3 d6 3. d4 cxd4 4. Nxd4 Nf6 5. Nc3 a6 6. f3 e5 7. Nb3 Be6 8. Be3 Be7 9. Qd2 O-O 10. O-O-O a5 11. a4 Nc6 12. Kb1 Nb4 13. Bb5 Rc8 14. Qf2 d5 15. Bb6 Qd6 16. exd5 Bf5 17. Na1 Rxc3 18. bxc3 Nbxd5 19. Bxa5 Qa3 20. Qd2 b6 21. Qc1 bxa5 22. Qxa3 Bxa3 23. Ka2 Bc5 24. Kb2 Rc8 25. Nb3 Nxc3 26. Nxc5 Nxd1+ 27. Rxd1 Bxc2 28. Rd2 Bf5 29. Nb7 Kf8 30. Nxa5 e4 31. Nc4 exf3 32. gxf3 Be6 33. Rd4 Rc5 34. Nd6 Ke7 35. Ne4 Rh5 36. Rd2 Nd5 37. Nc5 Nc7 38. Nxe6 Nxe6 39. Kc3 Kf6 40. Kb4 Rh4+ 41. Bc4 Nd4 42. Kc5 Nf5 43. a5 Ne3 44. Bb3 Rh5+ 45. Kb6 Rh6 46. Rd6+ Ke5 47. Rxh6 gxh6 48. a6 1-0


[Site "https://www.chess.com"]

[Event "Titled Tuesday Blitz March 07 Late 2023"]
[White "Bortnyk, Mykola"]
[Black "Andreikin, Dmitry"]
[WhiteFideId "14120836"]
[BlackFideId "4158814"]
[WhiteElo "2582"]
[BlackElo "2736"]
[Result "0-1"]
[Round "10"]
[TimeControl "180+2"]
[Date "2023.03.07"]
[WhiteClock "0:00:02"]
[BlackClock "0:00:04"]

1. e4 c5 2. c3 Nf6 3. e5 Nd5 4. Nf3 Nc6 5. Bc4 Nb6 6. Bb3 c4 7. Bc2 Qc7 8. O-O Nxe5 9. Nxe5 Qxe5 10. Re1 Qf6 11. d3 e6 12. a4 cxd3 13. Qxd3 Bc5 14. Re2 d5 15. b4 Be7 16. a5 Nd7 17. Nd2 Qg6 18. Qxg6 hxg6 19. c4 Nf6 20. c5 Bd7 21. Nf3 Bb5 22. Re1 O-O 23. Bf4 Rac8 24. Nd4 Bc4 25. Ba4 Ne4 26. Rac1 g5 27. Be5 Nf6 28. h3 Rfd8 29. Re3 g4 30. c6 bxc6 31. Nxc6 Rxc6 32. Bxc6 Bxb4 33. Ra1 Bc5 34. Bxf6 gxf6 35. Rg3 f5 36. hxg4 f4 37. Rh3 Kg7 38. Rb1 Rc8 39. Bd7 Rc7 40. Ba4 Bd4 41. g5 Kg6 42. g3 Kxg5 43. gxf4+ Kf6 44. Bb5 Rc5 45. Bxc4 dxc4 46. Ra3 c3 47. Rc1 Kf5 48. Ra4 Ke4 49. Re1+ Kd5 50. Rd1 Rc4 51. Ra2 Ke4 52. Kg2 Kxf4 53. Kf1 e5 54. Ke2 f5 55. Kd3 Rb4 56. Rc2 Kf3 57. Rh1 e4# 0-1


[Site "https://www.chess.com"]

[Event "Titled Tuesday Blitz March 07 Late 2023"]
[White "Carlsen, Magnus"]
[Black "Dardha, Daniel"]
[WhiteFideId "1503014"]
[BlackFideId "240990"]
[WhiteElo "2852"]
[BlackElo "2581"]
[Result "1-0"]
[Round "10"]
[TimeControl "180+2"]
[Date "2023.03.07"]
[WhiteClock "0:00:20"]
[BlackClock "0:00:02"]

1. e4 c5 2. Nf3 d6 3. Bc4 Nc6 4. O-O g6 5. c3 Nf6 6. d4 Nxe4 7. Qb3 e6 8. d5 Na5 9. Qa4+ Bd7 10. Bb5 exd5 11. Bxd7+ Qxd7 12. Qxa5 Bg7 13. Qa3 O-O 14. Qb3 Qc6 15. Rd1 c4 16. Qc2 Rae8 17. Be3 Nc5 18. Nbd2 f5 19. Nf1 f4 20. Bd4 Nd3 21. Rxd3 cxd3 22. Qxd3 Qc4 23. Qxc4 dxc4 24. Bxa7 Re2 25. N1d2 g5 26. Kf1 Rfe8 27. Rd1 d5 28. Nxg5 b5 29. a3 R2e7 30. Bc5 Rc7 31. Bd6 Rd7 32. Bxf4 d4 33. cxd4 Rxd4 34. g3 Rd5 35. Rb1 Rf8 36. Nge4 Re8 37. Nc3 Rd3 38. Nxb5 Rf8 39. Nxc4 Rb3 40. a4 Rb4 41. b3 Rc8 42. Nba3 Rb7 43. Nd6 1-0


[Site "https://www.chess.com"]

[Event "Titled Tuesday Blitz March 07 Late 2023"]
[White "Bortnyk, Olexandr"]
[Black "Martinez Alcantara, Jose Eduardo"]
[WhiteFideId "14120828"]
[BlackFideId "3805662"]
[WhiteElo "2734"]
[BlackElo "2712"]
[Result "0-1"]
[Round "10"]
[TimeControl "180+2"]
[Date "2023.03.07"]
[WhiteClock "0:00:01"]
[BlackClock "0:00:08"]

1. d4 Nf6 2. Nc3 d5 3. Bf4 e6 4. Nb5 Bb4+ 5. c3 Ba5 6. a4 a6 7. b4 Nh5 8. Be5 f6 9. e4 g6 10. Bg3 Nxg3 11. hxg3 Bb6 12. a5 axb5 13. axb6 Rxa1 14. Qxa1 c6 15. Bd3 O-O 16. Nf3 Nd7 17. Qc1 dxe4 18. Bxe4 Qe7 19. g4 e5 20. d5 Nxb6 21. dxc6 bxc6 22. g5 Nd5 23. gxf6 Nxf6 24. Bxc6 Bb7 25. Bxb5 Bxf3 26. gxf3 Nh5 27. Qe3 Nf4 28. Qc5 Qf6 29. Bc4+ Kh8 30. Qc7 h5 31. Kd2 Rd8+ 32. Kc2 Qf5+ 33. Kb3 Rd2 34. Qb8+ Kg7 35. Qg8+ Kh6 36. Ka3 Qf6 37. Rg1 e4 0-1


[Site "https://www.chess.com"]

[Event "Titled Tuesday Blitz March 07 Late 2023"]
[White "Rustemov, Alexander"]
[Black "Kamsky, Gata"]
[WhiteFideId "4119002"]
[BlackFideId "2000024"]
[WhiteElo "2877"]
[BlackElo "2666"]
[Result "1/2-1/2"]
[Round "10"]
[TimeControl "180+2"]
[Date "2023.03.07"]
[WhiteClock "0:00:11"]
[BlackClock "0:00:41"]

1. d4 Nf6 2. Bg5 e6 3. e4 h6 4. Bxf6 Qxf6 5. Nc3 d6 6. Qd2 a6 7. f4 g5 8. Nge2 gxf4 9. Nxf4 Nc6 10. O-O-O h5 11. g3 h4 12. Rg1 hxg3 13. hxg3 Bd7 14. Kb1 O-O-O 15. Be2 Bh6 16. Qd3 Rdg8 17. Nh5 Qg6 18. Rgf1 Bg5 19. g4 Rf8 20. a3 Rhg8 21. Rf2 Bh4 22. Rff1 f5 23. Nf4 Qh6 24. gxf5 exf5 25. Nfd5 fxe4 26. Nxe4 Rxf1 27. Rxf1 Rf8 28. Rxf8+ Qxf8 29. Qe3 Ne7 30. Nxe7+ Qxe7 31. Qf3 Kb8 32. Bd3 Bc6 33. c3 Qd8 34. Qf4 Be7 35. Kc2 Qg8 36. Qg3 Ba4+ 37. Kc1 Qb3 38. Qg1 Bf8 39. Kb1 Qd1+ 40. Qxd1 Bxd1 41. Bc2 Be2 42. Nd2 Bh6 43. Nb3 b6 44. Nc1 Bg4 45. Bd3 Ka7 46. Kc2 b5 47. Be2 Be6 48. Bd3 Kb6 49. Ne2 a5 50. b4 a4 51. Kb2 Bg4 52. Ng3 Bf4 53. Nf5 Bxf5 54. Bxf5 c5 55. dxc5+ dxc5 56. bxc5+ Kxc5 57. Bd3 Be5 58. Kc2 Bf6 59. Kb2 Be5 60. Kc2 Bf6 61. Kb2 Be5 1/2-1/2


[Site "https://www.chess.com"]

[Event "Titled Tuesday Blitz March 07 Late 2023"]
[White "Liang, Awonder"]
[Black "Pakleza, Zbigniew"]
[WhiteFideId "2056437"]
[BlackFideId "1119290"]
[WhiteElo "2508"]
[BlackElo "2410"]
[Result "1-0"]
[Round "10"]
[TimeControl "180+2"]
[Date "2023.03.07"]
[WhiteClock "0:00:03"]
[BlackClock "0:00:06"]

1. b3 d5 2. Bb2 Nf6 3. Nf3 Bf5 4. e3 e6 5. Bd3 Bxd3 6. cxd3 Nbd7 7. Nc3 Be7 8. Ne2 O-O 9. Ng3 c5 10. O-O Rc8 11. Qe2 Qb6 12. Rfc1 Rc7 13. Rc2 Rfc8 14. Rac1 Qa6 15. Ne5 Nxe5 16. Bxe5 Rc6 17. f4 Nd7 18. Bb2 Bf6 19. Bxf6 Nxf6 20. Kf1 Kf8 21. Nh1 b5 22. Nf2 c4 23. bxc4 bxc4 24. d4 Qa4 25. g4 Nd7 26. Kg2 Rb8 27. Nd1 Rcb6 28. Nc3 Qc6 29. Qf3 Rb2 30. f5 Ke7 31. Qg3 Rxc2 32. Rxc2 h6 33. h4 Qd6 34. Qf3 Nf6 35. g5 hxg5 36. hxg5 Nd7 37. g6 Rf8 38. Qh3 Nb6 39. Qh4+ Kd7 40. Qh7 exf5 41. gxf7 Rxf7 42. Rb2 Kc6 43. Rb5 Rf6 44. Rc5+ Kb7 45. Qxg7+ Ka6 46. Qc7 Rg6+ 47. Kf2 Qg3+ 48. Qxg3 1-0


[Site "https://www.chess.com"]

[Event "Titled Tuesday Blitz March 07 Late 2023"]
[White "Preotu, Razvan"]
[Black "Vazquez, Guillermo"]
[WhiteFideId "2613280"]
[BlackFideId "3702308"]
[WhiteElo "2407"]
[BlackElo "2543"]
[Result "1-0"]
[Round "10"]
[TimeControl "180+2"]
[Date "2023.03.07"]
[WhiteClock "0:00:19"]
[BlackClock "0:00:01"]

1. e4 c5 2. Nf3 d6 3. d4 cxd4 4. Nxd4 Nf6 5. Nc3 a6 6. Be3 e5 7. Nb3 Be7 8. h3 h6 9. Qf3 b5 10. a4 b4 11. Nd5 Nxd5 12. exd5 Nd7 13. a5 O-O 14. Ra4 Rb8 15. Ba7 Ra8 16. Be3 Qc7 17. Qd1 Rb8 18. Be2 f5 19. O-O f4 20. Bd2 Nf6 21. Rxb4 Bf5 22. Rxb8 Rxb8 23. Bc3 Qc8 24. Re1 g5 25. Bf1 Ne4 26. Bd3 Nxc3 27. bxc3 Bf6 28. Qe2 Bxd3 29. Qxd3 Kg7 30. Nd2 Rb5 31. Nb3 g4 32. hxg4 Qxg4 33. c4 Rb4 34. c5 dxc5 35. Nxc5 1-0


[Site "https://www.chess.com"]

[Event "Titled Tuesday Blitz March 07 Late 2023"]
[White "Sjugirov, Sanan"]
[Black "Larino Nieto, David"]
[WhiteFideId "4189302"]
[BlackFideId "2256444"]
[WhiteElo "2569"]
[BlackElo "2506"]
[Result "1-0"]
[Round "10"]
[TimeControl "180+2"]
[Date "2023.03.07"]
[WhiteClock "0:00:06"]
[BlackClock "0:00:04"]

1. e4 c6 2. d4 g6 3. Nf3 d5 4. e5 Bg7 5. h3 Nh6 6. Bd3 O-O 7. O-O f6 8. exf6 exf6 9. c4 Be6 10. Qb3 dxc4 11. Bxc4 Bxc4 12. Qxc4+ Nf7 13. Nc3 Nd7 14. Bf4 Nb6 15. Qb3 Qd7 16. Rad1 Rad8 17. Bg3 Rfe8 18. a4 Re7 19. Rfe1 Rxe1+ 20. Rxe1 Nd5 21. Nxd5 cxd5 22. Rc1 Ng5 23. Rc7 Nxf3+ 24. Qxf3 Qxa4 25. Qc3 Rd7 26. Rc8+ Kf7 27. b3 Qb5 28. Ra8 Qc6 29. Qf3 a6 30. Rb8 Re7 31. Kh2 h5 32. Rd8 Rd7 33. Rb8 Bf8 34. Qe3 Re7 35. Qf3 Re8 36. Rxe8 Kxe8 37. h4 Kf7 38. Qd3 Bd6 39. Qe3 Bxg3+ 40. fxg3 Qc2 41. Qf3 Qe4 42. Qc3 Qe7 43. Qf3 Qd7 44. Qe3 Kg7 45. Qf3 a5 46. Qc3 b6 47. Qe1 Qb7 48. Qc3 Kf7 49. Qd2 Kg7 50. Qc3 Qa7 51. Qc6 b5 52. Qxb5 Qxd4 53. Qxa5 g5 54. hxg5 fxg5 55. Qc7+ Kg6 56. Qd6+ Kf5 57. b4 h4 58. b5 hxg3+ 59. Qxg3 Qh8+ 60. Qh3+ Qxh3+ 61. Kxh3 Ke6 62. Kg4 d4 63. Kf3 Kd5 64. b6 Kc6 65. Ke4 Kxb6 66. Kxd4 g4 67. Ke4 Kc6 68. Kf4 g3 69. Kxg3 Kd6 70. Kg4 Ke6 71. Kg5 Kf7 72. Kh6 1-0


[Site "https://www.chess.com"]

[Event "Titled Tuesday Blitz March 07 Late 2023"]
[White "Keymer, Vincent"]
[Black "Zhu, Jiner"]
[WhiteFideId "12940690"]
[BlackFideId "8608059"]
[WhiteElo "2651"]
[BlackElo "2384"]
[Result "1-0"]
[Round "10"]
[TimeControl "180+2"]
[Date "2023.03.07"]
[WhiteClock "0:00:22"]
[BlackClock "0:00:01"]

1. Nf3 Nf6 2. c4 g6 3. g3 Bg7 4. Bg2 c6 5. b3 d5 6. Bb2 O-O 7. O-O Nbd7 8. Nc3 e5 9. cxd5 cxd5 10. Nb5 e4 11. Nfd4 a6 12. Nd6 Nc5 13. Nxc8 Rxc8 14. Rc1 Ne6 15. Nxe6 fxe6 16. d3 Rxc1 17. Qxc1 Qb6 18. Bxf6 Bxf6 19. dxe4 dxe4 20. Bxe4 Kg7 21. Kg2 Rf7 22. Rd1 Rc7 23. Qf4 Qc5 24. Bf3 Rf7 25. Qd6 Qe5 26. Rd3 a5 27. Qb6 h5 28. Re3 Qd4 29. Qxd4 Bxd4 30. Rxe6 b6 31. e3 Bc5 32. h4 Rf6 33. Rxf6 Kxf6 34. Bd1 Kf5 35. Bc2+ Kf6 36. Kf1 Kf7 37. Ke2 Be7 38. f4 Kg7 39. Kf3 Kh6 40. e4 Bf6 41. e5 Be7 42. Kg2 Bc5 43. Be4 Be3 44. Kf3 Bc5 45. g4 Be7 46. Kg3 Bd8 47. f5 Bc7 48. g5+ Kg7 49. f6+ Kf7 50. Kf4 Bb8 51. Bd5+ Kf8 52. Ke4 1-0


[Site "https://www.chess.com"]